cohdb
Replays
Latest Replays
All Replays
Popular Replays
Top Player Replays
Match Explorer
How It Works
Community
CoH3 Stats
Reddit
Sign in to upload your games and track your stats! →
Sign in with Steam
Match 41373341
Unlisted
Match 41373341
Overview
Messages
Build Orders
End
Kettenkrad Recon Vehicle
Construct Infanterie Kompanie
Selects Terror Battlegroup
Selects Machine Gun Camouflage
MG 42 Machine Gun Team
Grenadier Squad
Grenadier Squad
MG 42 Machine Gun Team
Construct Luftwaffe Kompanie
Jäger Squad
Flak 30 Anti-aircraft Gun Team
Support Elements
Selects Defend the Fatherland
Grenadier Squad
Wirbelwind Flakpanzer
MG 42 Machine Gun Team
Pioneer Squad
Side Skirts
Wirbelwind Flakpanzer
Construct Panzergrenadier Kompanie
Pioneer Squad
Pak 40 Anti-tank Gun Team
Kettenkrad Recon Vehicle
Selects King Tiger Heavy Tank
GEORGE LITTLEHOOF
Obersol
mariopl97
Cpt Darling
0
0
Comments
sign in to comment!
No comments posted yet!